 Dungeon Crawl Stone Soup version 0.15.2 (webtiles) character file.

10972 magipi the Cleaver (level 11, -2/88 HPs)
             Began as a Hill Orc Skald on Sept 3, 2015.
             Was the Champion of Makhleb.
             Killed by divine providence
             ... invoked by an orc priest
              (15 damage)
             ... on Level 4 of the Orcish Mines.
             The game lasted 01:21:32 (8719 turns).

magipi the Cleaver (Hill Orc Skald)                 Turns: 8719, Time: 01:21:32

HP  -2/88        AC 13     Str 16      XL: 11   Next: 70%
MP  14/15        EV 14     Int 13      God: Makhleb [******]
Gold 1486        SH  0     Dex 13      Spells:  3 memorised,  8 levels left

rFire  . . .     SeeInvis +     a - +5 hand axe (elec)
rCold  + . .     Clarity  +     w - +0 leather armour "Qicimeps" {rPois MR+ Int+1}
rNeg   . . .     rCorr    .     (no shield)
rPois  +         rRot     .     N - +0 helmet of Protective Custody {rC+ MR+}
rElec  .         Spirit   .     R - +1 cloak
SustAb .         Warding  .     D - +1 pair of gloves
rMut   .         Stasis   .     t - +1 pair of boots
Gourm  .                        Z - amulet of clarity
MR     +++..                    x - ring of protection from magic
                                i - ring of see invisible

@: drained, extremely resistant to hostile enchantments, very unstealthy
A: no striking features
a: Minor Destruction, Lesser Servant of Makhleb, Major Destruction, Greater
Servant of Makhleb, Renounce Religion, Convert to Beogh


You were on level 4 of the Orcish Mines.
You worshipped Makhleb.
Makhleb was exalted by your worship.
You were not hungry.

You visited 3 branches of the dungeon, and saw 15 of its levels.
You also visited: Ice Cave.

You collected 1486 gold pieces.

Inventory:

Hand weapons
 a - a +5 hand axe of electrocution (weapon)
 b - a +0 blowgun
 y - a +0 battleaxe
Missiles
 e - 14 stones
 v - 4 tomahawks
 A - 6 javelins (quivered)
 L - a throwing net
 X - 27 poisoned needles
Armour
 t - a +1 pair of boots (worn)
 w - the +0 leather armour "Qicimeps" (worn) {rPois MR+ Int+1}
   (You found it on level 10 of the Dungeon)

   It affects your intelligence (+1).
   It protects you from poison.
   It affects your resistance to hostile enchantments.
 D - a +1 pair of gloves (worn)
 N - the +0 helmet of Protective Custody (worn) {rC+ MR+}
   (You found it on level 6 of the Dungeon)

   It protects you from cold.
   It affects your resistance to hostile enchantments.
 R - a +1 cloak (worn)
Magical devices
 u - a wand of teleportation (4)
 z - a wand of enslavement (7)
 J - a wand of paralysis (10)
 P - a wand of fire (0)
 S - a wand of enslavement (9)
 T - a wand of fire (12)
Comestibles
 d - 4 meat rations
 g - 4 bread rations
 O - 14 fruits
 W - 3 slices of pizza
Scrolls
 f - a scroll of recharging
 m - 3 scrolls of remove curse
 s - a scroll of enchant armour
 C - a scroll of magic mapping
 G - 3 scrolls of teleportation
Jewellery
 h - an uncursed amulet of resist mutation
 i - a ring of see invisible (left hand)
 n - an uncursed ring of positive energy
 p - an uncursed ring of poison resistance
 x - a ring of protection from magic (right hand)
 Z - an amulet of clarity (around neck)
Potions
 k - a potion of resistance
 l - 2 potions of brilliance
 o - 2 potions of restore abilities
 q - 2 potions of cancellation
 B - a potion of berserk rage {unknown}
 E - 2 potions of curing
 H - a potion of might
 K - a potion of invisibility {unknown}
 V - 2 potions of beneficial mutation {unknown}
 Y - a potion of flight {unknown}
Books
 c - a book of Battle

   Spells                             Type                      Level
   *Infusion                          Charms                       1
   Shroud of Golubria                 Charms/Translocation         2
   Song of Slaying                    Charms                       2
   Spectral Weapon                    Hexes/Charms                 3
   *Regeneration                      Charms/Necromancy            3
 j - a book of Envenomations

   Spells                             Type                      Level
   Spider Form                        Transmutation/Poison         3
   Alistair's Intoxication            Transmutation/Poison         4
   Olgreb's Toxic Radiance            Poison                       4
   Poisonous Cloud                    Conjuration/Poison/Air       6
 I - a book of Necromancy

   Spells                             Type                      Level
   Pain                               Necromancy                   1
   *Animate Skeleton                  Necromancy                   1
   Vampiric Draining                  Necromancy                   3
   *Regeneration                      Charms/Necromancy            3
   Animate Dead                       Necromancy                   4
   Control Undead                     Necromancy                   4
 U - a book of Transfigurations

   Spells                             Type                      Level
   Stoneskin                          Transmutation/Earth          2
   Ice Form                           Ice/Transmutation            4
   Statue Form                        Transmutation/Earth          6
   Dragon Form                        Transmutation                7


   Skills:
 - Level 5.5(5.0) Fighting
 - Level 11.0(10.3) Axes
 + Level 10.5(9.9) Armour
 + Level 7.3(6.8) Dodging
 - Level 1.5(1.0) Spellcasting
 - Level 6.1(5.6) Charms
 - Level 6.4(5.8) Necromancy


You had 8 spell levels left.
You knew the following spells:

 Your Spells              Type           Power        Failure   Level  Hunger
a - Infusion              Chrm           ###...       3%          1    ##.....
b - Animate Skeleton      Necr           N/A          2%          1    ##.....
r - Regeneration          Chrm/Necr      ###.......   10%         3    ####...


Dungeon Overview and Level Annotations

Branches:
Dungeon (10/15)            Temple (1/1) D:5             Orc (4/4) D:10
    Elf (0/3) Orc:3          Lair (0/8) D:10

Altars:
Ashenzari
Cheibriados
Dithmenos
Elyvilon
Fedhas
Kikubaaqudgha
Makhleb
Nemelex Xobeh
Okawaru
Qazlal
Sif Muna
Trog
Vehumet
Xom
Yredelemnul
Zin
The Shining One

Shops:
D:6 (   D:9 :   Orc:2 :   Orc:4 [

Annotations:
D:4 exclusion: statue
D:5 Grinder
D:8 Eustachio, Pikel, Psyche

Vault maps used:
D:1:      dpeg_arrival_oval
D:2:      cheibriados_altar_1, serial_forest, infiniplex_forest_side_room,
          infiniplex_forest_clump_medium, infiniplex_forest_diagonal,
          infiniplex_forest_straight_3, infiniplex_forest_clump_double,
          infiniplex_forest_straight_2
D:3:      uniq_jessica
D:4:      vehumet_statue, first_bread
D:5:      minitemple, minmay_temple_entry_nine_rooms, uniq_grinder
D:6:      okawaru_metal_pillars_3, nicolae_overflow_hidden_temple, serial_shops,
          kennysheep_mini_moat, uniq_blork_the_orc
D:7:      lemuel_upstairs_altar
D:8:      basic_altar, uniq_psyche, uniq_maurice, uniq_pikel, uniq_eustachio
D:9:      serial_shops, shop, minivault_10, hangedman_ranch
D:10:     orc_0_dummy, minmay_lair_entry_lava, minmay_misc_feat_hallway
Temple:   minmay_temple_bridge_a_8
Orc:1:    uniq_edmund, uniq_duvessa
Orc:2:    serial_shops, shop
Orc:3:    portal_ice_cave_entry_animals_and_master, nicolae_orc_pool_cavern
Orc:4:    serial_shops, nicolae_shop_crystal, st_orc_elflike
IceCv:    ice_cave_statue_garden_01


Message History

The tomahawk hits you but does no damage.
You see here a tomahawk.
The orc throws a tomahawk.
The tomahawk barely misses you. The orc hits you with a dagger.
The orc priest looks braver.
You see here a tomahawk.
The orc throws a tomahawk.
The tomahawk barely misses you.
The orc priest calls down the wrath of Beogh upon you.
You resist with almost no effort. The orc hits you with a dagger.
You see here a tomahawk.
The orc priest looks braver.
The orc closely misses you.
The orc priest calls down the wrath of Beogh upon you.
Something smites you!
* * * LOW HITPOINT WARNING * * *
The orc priest mumbles some strange prayers to Beogh against you.
Something smites you!
* * * LOW HITPOINT WARNING * * *
The orc throws a tomahawk.
The tomahawk closely misses you.
Drink which item? (? for menu, Esc to quit)
Okay, then.
Drink which item? (? for menu, Esc to quit)
Okay, then.
Read which item? (? for menu, Esc to quit)
Okay, then.
Unknown command.
Unknown command.
Unknown command.
You hear the crackle of electricity.
a - a +5 hand axe of electrocution (weapon)
The orc priest mumbles some strange prayers to Beogh against you.
Something smites you!
* * * LOW HITPOINT WARNING * * *
Drink which item? (? for menu, Esc to quit)
You feel better. The orc hits you but does no damage.
The orc throws a tomahawk.
The tomahawk barely misses you.
Unknown command.
You hit the orc.
You kill the orc!
Makhleb accepts your kill.
You hit the orc priest.
There is a sudden explosion of sparks!
You kill the orc priest!
Makhleb accepts your kill.
You feel a little better.
You barely miss the orc. You hit the orc but do no damage.
You completely miss the orc.
Unknown command.
You completely miss the orc.
Your leather armour "Qicimeps" prevents you from hitting the orc.
You slash the orc!
There is a sudden explosion of sparks!
You kill the orc!
Makhleb accepts your kill.
You feel a little better. The orc barely misses you.
The orc hits you but does no damage.
You closely miss the orc. You slash the orc!
There is a sudden explosion of sparks!
You kill the orc!
Makhleb accepts your kill.
You hit the orc.
The orc is severely wounded.
The orc closely misses you. The orc completely misses you.
You hit the orc.
You kill the orc!
Makhleb accepts your kill.
You feel a little better.
You hit the orc.
The orc is heavily wounded.
The orc priest calls down the wrath of Beogh upon you.
Something smites you!
* * * LOW HITPOINT WARNING * * *
The orc priest threatens, "By the altar or by the axe, you will meet Beogh!"
You hit the orc but do no damage.
The orc is heavily wounded.
The orc hits you but does no damage.
Unknown command.
You closely miss the orc.
The orc is heavily wounded.
You hit the orc priest.
The orc priest is moderately wounded.
The orc priest shouts, "Join the one true god or die!"
You hit the orc.
There is a sudden explosion of sparks!
You kill the orc!
Makhleb accepts your kill.
You feel a little better. The orc barely misses you.
The orc priest hits you but does no damage.
You hit the orc but do no damage.
There is a sudden explosion of sparks!
You kill the orc!
Makhleb accepts your kill.
You feel a little better.
You barely miss the orc priest.
The orc priest is moderately wounded.
Unknown command.
You hit the orc priest.
The orc priest shouts, "Surrender to Beogh and we'll let you live!"
The orc priest is severely wounded.
You slash the orc priest!
There is a sudden explosion of sparks!
The orc priest is almost dead.
The orc priest shouts, "Surrender to Beogh and we'll let you live!"
The orc priest hits you but does no damage.
The orc priest mumbles some strange prayers to Beogh against you.
Something smites you!
You die...

.............#
.....##......#.
.........#....#
....(.....##..#..
......(...(.#...#
...........(#.#.#...
...........(........
.........oo.........
#......#[)@....#....
........<[).........
.......[............
..$.......#.......
.................
................
..............
............
..#......


You could see 2 orc priests.

Table legend:
 A = Kills in this place as a percentage of kills in entire the game.
 B = Kills by you in this place as a percentage of kills by you in the entire game.
 C = Kills by friends in this place as a percentage of kills by friends in the entire game.
 D = Other kills in this place as a percentage of other kills in the entire game.
 E = Experience gained in this place as a percentage of experience gained in the entire game.
 F = Experience gained in this place divided by the number of levels of this place that you have seen.
                   A       B       C       D       E      F
               +-------+-------+-------+-------+-------+----------------------
         Total | 100.0 | 100.0 | 100.0 |  -nan | 100.0 | 979.7
       Dungeon |  54.7 |  54.8 |   0.0 |  -nan |  51.1 | 801.2
  Orcish Mines |  45.3 |  45.2 | 100.0 |  -nan |  48.9 | 1915.8
               +-------+-------+-------+-------+-------+----------------------

Vanquished Creatures
  An ice dragon (Orc:3)
  An orc high priest (Orc:3)
  An unseen horror (D:10)
  A hill giant (D:10)
  2 orc sorcerers (Orc:3)
  Maurice (D:8)
  A troll (D:10)
  A fire drake (D:10)
  4 polar bears (Orc:3)
  7 yaks
  2 wraiths
  A wolf (Orc:3)
  3 hippogriffs
  Edmund (Orc:1)
  2 phantoms
  3 ice beasts
  8 orc warriors
  A black bear (D:9)
  7 ogres
  A yellow wasp (D:7)
  Duvessa (Orc:1)
  3 big kobolds
  Blork the orc (D:6)
  A scorpion (D:9)
  Dowan (Orc:1)
  A crimson imp (D:5)
  17 orc priests
  A centaur skeleton (D:9)
  4 jellies
  4 hounds
  An iguana (D:8)
  8 worker ants
  20 orc wizards
  2 sheep (D:9)
  An ogre zombie (D:10)
  A big kobold skeleton (D:8)
  Jessica (D:3)
  A worker ant zombie (D:5)
  3 adders
  An orc skeleton (D:4)
  A worm (D:2)
  A giant mite (D:3)
  2 giant geckos (D:4)
  An ooze (D:4)
  141 orcs
  14 bats
  A bat skeleton (D:5)
  5 giant cockroaches
  21 hobgoblins
  7 jackals (D:3)
  2 quokkas
  2 ball pythons
  5 giant newts
  A giant spore (D:10)
  26 goblins
  23 kobolds
  9 rats
  4 ballistomycetes
388 creatures vanquished.

Vanquished Creatures (collateral kills)
  An orc (Orc:4)
1 creature vanquished.

Vanquished Creatures (others)
  An ogre skeleton (Orc:4)
  An orc skeleton (Orc:3)
  A giant spore (D:9)
  A goblin skeleton (Orc:1)
4 creatures vanquished.

Grand Total: 393 creatures vanquished

Notes
Turn   | Place    | Note
--------------------------------------------------------------
     0 | D:1      | magipi, the Hill Orc Skald, began the quest for the Orb.
     0 | D:1      | Reached XP level 1. HP: 18/18 MP: 2/2
    80 | D:1      | Reached skill level 3 in Axes
   199 | D:2      | Reached XP level 2. HP: 19/25 MP: 3/3
   266 | D:1      | Reached skill level 4 in Axes
   371 | D:1      | Reached XP level 3. HP: 18/30 MP: 5/5
   696 | D:2      | Reached skill level 5 in Axes
   733 | D:2      | Reached XP level 4. HP: 19/37 MP: 1/6
  1232 | D:2      | Reached skill level 6 in Axes
  1293 | D:2      | Found a snail-covered altar of Cheibriados.
  1489 | D:3      | Noticed Jessica
  1512 | D:3      | Killed Jessica
  1512 | D:3      | Reached XP level 5. HP: 37/42 MP: 7/7
  1656 | D:4      | Noticed an ogre
  1797 | D:4      | Reached skill level 7 in Axes
  1799 | D:4      | HP: 2/42 [poisoned by a worker ant]
  1941 | D:4      | Noticed an ogre
  1970 | D:5      | Entered Level 5 of the Dungeon
  2092 | D:4      | Found a radiant altar of Vehumet.
  2148 | D:4      | Reached skill level 8 in Axes
  2148 | D:4      | Reached XP level 6. HP: 19/50 MP: 5/9
  2328 | D:5      | Noticed an ogre
  2347 | D:5      | Killed an ogre
  2397 | D:5      | Reached skill level 9 in Axes
  2559 | D:5      | Found a glowing golden altar of the Shining One.
  2562 | D:5      | Found a sparkling altar of Nemelex Xobeh.
  2582 | D:5      | Noticed an ogre
  2591 | D:5      | Killed an ogre
  2591 | D:5      | Reached XP level 7. HP: 44/56 MP: 6/10
  2600 | D:5      | Found a staircase to the Ecumenical Temple.
  2611 | Temple   | Entered the Ecumenical Temple
  2773 | D:5      | Noticed an ogre
  2783 | D:5      | Killed an ogre
  2783 | D:5      | Reached skill level 10 in Axes
  3011 | D:6      | Found an iron altar of Okawaru.
  3102 | D:5      | Noticed an ice beast
  3113 | D:5      | Killed an ice beast
  3181 | D:5      | Reached skill level 11 in Axes
  3222 | D:5      | Noticed Grinder
  3226 | D:5      | Paralysed by Grinder for 5 turns
  3418 | D:6      | Reached XP level 8. HP: 22/63 MP: 9/11
  3570 | D:7      | Learned a level 1 spell: Animate Skeleton
  3692 | D:6      | Found a blossoming altar of Fedhas.
  3692 | D:6      | Found a basalt altar of Yredelemnul.
  3692 | D:6      | Found a burning altar of Makhleb.
  3692 | D:6      | Found a stormy altar of Qazlal.
  3705 | D:6      | Became a worshipper of Makhleb the Destroyer
  3846 | D:7      | Reached skill level 1 in Necromancy
  4160 | D:7      | Learned a level 3 spell: Regeneration
  4363 | D:6      | Got a smoking helmet
  4369 | D:6      | Identified the +0 helmet of Protective Custody {rC+ MR+} (You found it on level 6 of the Dungeon)
  4438 | D:6      | Noticed Blork the orc
  4466 | D:6      | Killed Blork the orc
  4466 | D:6      | Reached skill level 5 in Fighting
  4594 | D:6      | Found Faubrunn's Weapon Emporium.
  4667 | D:8      | Noticed Psyche
  4667 | D:8      | Noticed Pikel
  4741 | D:8      | Noticed Eustachio
  4905 | D:8      | Acquired Makhleb's first power
  4940 | D:8      | Reached XP level 9. HP: 63/74 MP: 9/13
  4996 | D:8      | Found a burning altar of Makhleb.
  4996 | D:8      | Noticed Maurice
  5054 | D:8      | Killed Maurice
  5152 | D:8      | Reached skill level 5 in Charms
  5152 | D:8      | Reached skill level 5 in Necromancy
  5806 | D:9      | Acquired Makhleb's second power
  5842 | D:9      | Found Khuafaak's Book Boutique.
  6102 | D:10     | Entered Level 10 of the Dungeon
  6125 | D:10     | Noticed an unseen horror
  6128 | D:10     | Killed an unseen horror
  6128 | D:10     | Reached skill level 5 in Armour
  6128 | D:10     | Reached XP level 10. HP: 77/81 MP: 14/14
  6293 | D:10     | Got a transparent leather armour
  6316 | D:10     | Identified the +0 leather armour "Qicimeps" {rPois MR+ Int+1} (You found it on level 10 of the Dungeon)
  6519 | D:10     | Acquired Makhleb's third power
  6521 | D:10     | Noticed a hill giant
  6531 | D:10     | Killed a hill giant
  6655 | D:10     | Found a staircase to the Lair.
  6655 | D:10     | Noticed a fire drake
  6664 | D:10     | Killed a fire drake
  6698 | D:10     | Found a staircase to the Orcish Mines.
  6708 | Orc:1    | Entered Level 1 of the Orcish Mines
  6873 | Orc:2    | Acquired Makhleb's fourth power
  6911 | Orc:2    | Found Yhaas' Book Emporium.
  6912 | Orc:2    | Reached skill level 5 in Dodging
  7126 | Orc:1    | Noticed Edmund
  7144 | Orc:1    | Killed Edmund
  7189 | Orc:3    | Found a staircase to the Elven Halls.
  7435 | Orc:3    | Acquired Makhleb's fifth power
  7443 | Orc:3    | Reached XP level 11. HP: 88/88 MP: 15/15
  7560 | Orc:3    | Noticed an orc high priest
  7618 | Orc:3    | Noticed a soul eater
  7621 | Orc:3    | Killed an orc high priest
  7650 | Orc:3    | Found a frozen archway.
  7651 | Orc:3    | Noticed an ice dragon
  7701 | Orc:3    | Killed an ice dragon
  7757 | IceCv    | Entered an ice cave
  7843 | Orc:2    | Noticed an orc sorcerer
  7855 | Orc:3    | Killed an orc sorcerer
  7855 | Orc:3    | Reached skill level 10 in Armour
  7964 | Orc:1    | Noticed Duvessa
  7964 | Orc:1    | Noticed Dowan
  7971 | Orc:1    | Killed Duvessa
  7977 | Orc:1    | Killed Dowan
  8163 | Orc:4    | Entered Level 4 of the Orcish Mines
  8245 | Orc:4    | Found Strunuqu's Antique Armour Shop.
  8500 | Orc:4    | Noticed an orc warlord
  8709 | Orc:4    | HP: 4/88 [orc priest/divine providence (14)]
  8719 | Orc:4    | Killed from afar by an orc priest

Action                   |  1- 3 |  4- 6 |  7- 9 | 10-12 || total
-------------------------+-------+-------+-------+-------++-------
Melee: Hand axe          |    16 |       |   232 |   429 ||   677
       War axe           |   111 |   175 |    57 |       ||   343
 Fire: Blowgun           |       |       |     7 |     9 ||    16
Throw: Stone             |       |    10 |       |       ||    10
       Javelin           |       |     5 |    18 |    18 ||    41
 Cast: Infusion          |     1 |     7 |    12 |    10 ||    30
       Regeneration      |       |       |     2 |    17 ||    19
       Animate Skeleton  |       |       |       |     6 ||     6
Evoke: Wand              |       |       |     6 |     6 ||    12
  Use: Scroll            |       |     9 |    10 |    10 ||    29
       Potion            |       |     3 |     1 |     4 ||     8
 Stab: Fleeing           |       |       |       |     1 ||     1
  Eat: Chunk             |       |     7 |     6 |     9 ||    22
       Royal jelly       |       |       |     1 |       ||     1
       Beef jerky        |       |       |     2 |       ||     2
       Pizza             |       |       |     1 |     2 ||     3
       Fruit             |       |       |     1 |       ||     1

Action                   |  1- 3 |  4- 6 |  7- 9 | 10-12 || total
-------------------------+-------+-------+-------+-------++-------
Melee: Hand axe          |    16 |       |   232 |   429 ||   677
       War axe           |   111 |   175 |    57 |       ||   343
 Fire: Blowgun           |       |       |     7 |     9 ||    16
Throw: Stone             |       |    10 |       |       ||    10
       Javelin           |       |     5 |    18 |    18 ||    41
 Cast: Infusion          |     1 |     7 |    12 |    10 ||    30
       Regeneration      |       |       |     2 |    17 ||    19
       Animate Skeleton  |       |       |       |     6 ||     6
Evoke: Wand              |       |       |     6 |     6 ||    12
  Use: Scroll            |       |     9 |    10 |    10 ||    29
       Potion            |       |     3 |     1 |     4 ||     8
 Stab: Fleeing           |       |       |       |     1 ||     1
  Eat: Chunk             |       |     7 |     6 |     9 ||    22
       Royal jelly       |       |       |     1 |       ||     1
       Beef jerky        |       |       |     2 |       ||     2
       Pizza             |       |       |     1 |     2 ||     3
       Fruit             |       |       |     1 |       ||     1

Action                   |  1- 3 |  4- 6 |  7- 9 | 10-12 || total
-------------------------+-------+-------+-------+-------++-------
Melee: Hand axe          |    16 |       |   232 |   429 ||   677
       War axe           |   111 |   175 |    57 |       ||   343
 Fire: Blowgun           |       |       |     7 |     9 ||    16
Throw: Stone             |       |    10 |       |       ||    10
       Javelin           |       |     5 |    18 |    18 ||    41
 Cast: Infusion          |     1 |     7 |    12 |    10 ||    30
       Regeneration      |       |       |     2 |    17 ||    19
       Animate Skeleton  |       |       |       |     6 ||     6
Evoke: Wand              |       |       |     6 |     6 ||    12
  Use: Scroll            |       |     9 |    10 |    10 ||    29
       Potion            |       |     3 |     1 |     4 ||     8
 Stab: Fleeing           |       |       |       |     1 ||     1
  Eat: Chunk             |       |     7 |     6 |     9 ||    22
       Royal jelly       |       |       |     1 |       ||     1
       Beef jerky        |       |       |     2 |       ||     2
       Pizza             |       |       |     1 |     2 ||     3
       Fruit             |       |       |     1 |       ||     1
